 Dungeon Crawl Stone Soup version 0.25-a0-364-ge76b031 (webtiles) character file.

Game seed: 14783353381152878531, levelgen mode: deterministic

101 Birdy the Chopper (level 4, -6/23 HPs)
             Began as a Vine Stalker Gladiator on Jan 4, 2020.
             Mangled by Grinder (10 damage)
             ... on level 3 of the Dungeon.
             The game lasted 00:04:54 (2129 turns).

Birdy the Chopper (Vine Stalker Gladiator)          Turns: 2129, Time: 00:04:54

Health: -6/23      AC:  0    Str: 17    XL:     4   Next: 75%
Magic:  0/6        EV: 21    Int:  8    God:
Gold:   124        SH:  0    Dex: 19    Spells: 6/6 levels left

rFire    . . .     SeeInvis .   (weapon currently unavailable)
rCold    . . .     Gourm    .   (shield currently unavailable)
rNeg     . . .     Faith    .   (armour currently unavailable)
rPois    .         Spirit   +   (helmet currently unavailable)
rElec    .         Reflect  .   (cloak currently unavailable)
rCorr    .         Harm     .   (gloves currently unavailable)
MR       .....                  (boots currently unavailable)
Stlth    ++........             (no amulet)
HPRegen  0.47/turn              (ring currently unavailable)
MPRegen  0.10/turn              (ring currently unavailable)

@: bat-form, flying, very quick
A: tiny, clumsy 1, low mp 1, regeneration 1, magic shield, no potion heal 3, rot
immunity
a: no special abilities


You were on level 3 of the Dungeon.
You were very hungry.
You were in bat-form.
You visited 1 branch of the dungeon, and saw 3 of its levels.

You collected 124 gold pieces.

Inventory:

Hand Weapons
 a - a +0 war axe (melded)
Missiles
 d - 3 throwing nets (quivered)
Armour
 c - a +0 helmet (melded)
 e - a +0 ring mail (melded)
Scrolls
 b - a scroll of magic mapping {unknown}
 g - 4 scrolls of enchant armour
 h - a scroll of enchant weapon {unknown}
 j - a scroll of blinking {unknown}
Potions
 i - 2 potions of curing
 k - a potion of magic {unknown}
Comestibles
 f - 9 rations


   Skills:
 + Level 2.2 Fighting
 * Level 3.6 Axes
 - Level 1.7 Throwing
 + Level 2.7 Dodging
 + Level 1.7 Stealth
 + Level 1.6 Spellcasting


You had 6 spell levels left.
You didn't know any spells.
Your spell library was empty.

Dungeon Overview and Level Annotations

Branches:
Dungeon (3/15)

Altars:

Annotations:
D:3 Grinder


Innate Abilities, Weirdness & Mutations

((You have extremely sharp teeth.))
Your natural rate of healing is unusually fast.
When hurt, damage is shared between your health and your magic reserves.
((Your bite disrupts and absorbs the magic of your enemies.))
Potions cannot restore your health.
You are immune to rotting.
((You have sharp toenails.))
((You are partially covered in yellow scales. (AC +2)))
You are clumsy. (Dex -2)
Your magical capacity is low. (-10% MP)


Message History

Grinder completely misses you.
You hit Grinder.
Grinder is almost dead.
You hit Grinder but do no damage.
Grinder is almost dead.
Grinder barely misses you.
You hit Grinder but do no damage.
Grinder is almost dead.
Grinder hits you!
* * * LOW HITPOINT WARNING * * *
You writhe in agony.
* * * LOW HITPOINT WARNING * * *
Unknown command.
You closely miss Grinder.
Grinder is almost dead.
Grinder falters for a moment.
You completely miss Grinder.
Grinder is almost dead.
Grinder hits you!
You die...

########### #......(..#
####### #.........#
##.....###.........####
#......+.'....)....'..#
#......###b........##.#
#......# #.5.......##.# #
#..5...###.........##.# #
#..........##########.#
#######.s........##########.#
ss...s...........'.........>#
........####.....############
.######## #......# .#
#.....##


You could see Grinder.

Vanquished Creatures
  3 adders
  A worm (D:2)
  2 dart slugs
  A leopard gecko (D:2)
  12 giant cockroaches
  12 goblins
  7 hobgoblins
  4 jackals (D:2)
  A quokka (D:3)
  A ball python (D:1)
  4 bats
  3 frilled lizards
  3 kobolds
  6 rats
60 creatures vanquished.

Notes
Turn   | Place    | Note
-------+----------+-------------------------------------------
     0 | D:1      | Birdy the Vine Stalker Gladiator began the quest for the
                  | Orb.
     0 | D:1      | Reached XP level 1. HP: 11/11 MP: 2/2
   403 | D:1      | Reached XP level 2. HP: 12/15 MP: 3/3
   546 | D:1      | Reached skill level 3 in Axes
   673 | D:2      | Reached skill level 1 in Spellcasting
   733 | D:2      | Reached XP level 3. HP: 3/18 MP: 5/5
   892 | D:2      | Reached skill level 1 in Stealth
  1460 | D:2      | Gained mutation: Your natural rate of healing is unusually
                  | fast. [Vine Stalker growth]
  1460 | D:2      | Reached XP level 4. HP: 17/23 MP: 7/7
  1745 | D:2      | Gained mutation: Armour fits poorly on your strangely
                  | shaped body. [potion of mutation]
  1745 | D:2      | Gained mutation: Your magical capacity is low. (-10% MP)
                  | [potion of mutation]
  1745 | D:2      | Gained mutation: You are occasionally teleported next to
                  | monsters. [potion of mutation]
  1745 | D:2      | Gained mutation: You have supernaturally acute eyesight.
                  | (SInv) [potion of mutation]
  1746 | D:2      | Lost mutation: You are occasionally teleported next to
                  | monsters. [potion of mutation]
  1746 | D:2      | Lost mutation: Armour fits poorly on your strangely shaped
                  | body. [potion of mutation]
  1746 | D:2      | Lost mutation: You have supernaturally acute eyesight.
                  | (SInv) [potion of mutation]
  1746 | D:2      | Gained mutation: You have sharp toenails. [potion of
                  | mutation]
  1746 | D:2      | Gained mutation: You are clumsy. (Dex -2) [potion of
                  | mutation]
  1746 | D:2      | Gained mutation: You are partially covered in yellow
                  | scales. (AC +2) [potion of mutation]
  2028 | D:3      | Noticed Grinder
  2100 | D:3      | Paralysed by Grinder for 5 turns
  2129 | D:3      | Mangled by Grinder

Levels and vault maps discovered:
D:1:      ebering_trefoil_3fold, layout_basic, serial_glass, glass_columns_a,
          glass_columns_a
D:2:      layout_basic
D:3:      minmay_roachtagon, layout_basic, first_ration, uniq_grinder

Skill      XL: |  1  2  3 |
---------------+----------+-----
Axes           | 3 |  3.6
Fighting       | 2 |  2.2
Spellcasting   | 1 |  1.6
Stealth        | 1 |  1.7
Throwing       | |  1.7
Dodging        | |  2.7

Action                   |  1- 3 |  4- 6 || total
-------------------------+-------+-------++-------
Melee: War axe           |    82 |    60 ||   142
       Bite              |    22 |    13 ||    35
       Unarmed           |       |    16 ||    16
       Kick              |       |    14 ||    14
  Use: Scroll            |     3 |     1 ||     4
       Potion            |     3 |     2 ||     5
 Stab: Sleeping          |     1 |     1 ||     2
  Eat: Chunk             |     1 |     2 ||     3
Armor: Leather armour    |    10 |       ||    10
       Ring mail         |    18 |    21 ||    39
Dodge: Dodged            |    58 |    53 ||   111

Table legend:
 A = Non-vault XP
 B = Vault XP
 C = Vault XP percentage of total XP
 D = Non-vault monster count
 E = Vault monster count
 F = Vault count percentage of total count
                 A         B        C        D         E       F
            +---------+---------+-------+---------+---------+-------
      Total |     127 |      18 |  12.4 |      51 |       9 |  15.0
            +---------+---------+-------+---------+---------+-------
        D:1 |      26 |       0 |   0.0 |      14 |       0 |   0.0
        D:2 |      72 |       0 |   0.0 |      26 |       0 |   0.0
        D:3 |      29 |      18 |  38.3 |      11 |       9 |  45.0
            +---------+---------+-------+---------+---------+-------
